 Dungeon Crawl Stone Soup version 0.24-a0-524-gf43b32f898 (webtiles) character file.

Game seed: 17012266580744515480

238 OCTOBOI the Conjurer (level 5, -4/28 HPs)
             Began as a Deep Elf Conjurer on July 31, 2019.
             Slain by a worker ant (8 damage)
             ... on level 3 of the Dungeon.
             The game lasted 00:12:32 (4124 turns).

OCTOBOI the Conjurer (Deep Elf Conjurer)            Turns: 4124, Time: 00:12:33

Health: -4/28      AC:  3    Str:  5    XL:     5   Next: 78%
Magic:  4/14       EV: 14    Int: 21    God:
Gold:   161        SH:  0    Dex: 15    Spells: 6/13 levels left

rFire    + . .     SeeInvis .   s - +2 short sword (drain)
rCold    . . .     Gourm    .   (no shield)
rNeg     . . .     Faith    .   a - +1 robe
rPois    .         Spirit   .   (no helmet)
rElec    .         Reflect  .   (no cloak)
rCorr    .         Harm     .   (no gloves)
MR       .....                  (no boots)
Stlth    +++.......             (no amulet)
HPRegen  0.09/turn              f - ring of stealth
MPRegen  0.14/turn              g - ring of protection from fire

@: no status effects
A: no striking features
a: no special abilities


You were on level 3 of the Dungeon.
You were hungry.

You visited 1 branch of the dungeon, and saw 4 of its levels.

You collected 161 gold pieces.

Inventory:

Hand Weapons
 s - a +2 short sword of draining (weapon)
Missiles
 t - 2 throwing nets (quivered)
Armour
 a - a +1 robe (worn)
Jewellery
 f - a ring of stealth (left hand)
 g - a ring of protection from fire (right hand)
 k - an uncursed ring of fire
Wands
 h - a wand of flame (21)
Scrolls
 b - 2 scrolls of remove curse
 e - 2 scrolls of enchant weapon
 l - 4 scrolls of immolation
 m - a scroll of enchant armour
 o - 4 scrolls of teleportation
 w - a scroll of identify
 x - a scroll of noise {unknown}
Potions
 i - 3 potions of curing
 j - a potion of flight {unknown}
 n - a potion of berserk rage {unknown}
 p - 2 potions of mutation {unknown}
 q - a potion of lignification {unknown}
 r - a potion of magic {unknown}
 u - a potion of cancellation {unknown}
 v - a potion of brilliance {unknown}
Comestibles
 c - 3 rations


   Skills:
 + Level 4.3 Dodging
 - Level 2.4 Stealth
 + Level 4.9 Spellcasting
 * Level 6.2 Conjurations


You had 6 spell levels left.
You knew the following spells:

 Your Spells              Type           Power        Failure   Level  Hunger
a - Magic Dart            Conj           ####         1%          1    None
b - Searing Ray           Conj           ####..       1%          2    None
c - Iskenderun's Mystic   Conj           ####....     9%          4    ####...

Your spell library contained the following spells:

 Spells                   Type           Power        Failure   Level  Hunger
 Dazzling Spray           Conj/Hex       ###...       9%          3    ##.....
 Force Lance              Conj/Tloc      ###.....     30%         4    ####...
 Fulminant Prism          Conj/Hex       ###.......   30%         4    ####...


Dungeon Overview and Level Annotations

Branches:
Dungeon (4/15)
 Temple: D:4-7

Altars:
Dithmenos
Makhleb

Shops:
D:4 :


Message History

The worker ant closely misses you.
Casting: Magic Dart (safe; 1% risk of failure)
Confirm with . or Enter, or press ? or * to list all spells.
Aiming: Magic Dart (safe; 1% risk of failure)
Press: ? - help, Shift-Dir - straight line, f/p - worker ant
Aim: a worker ant (heavily wounded)
The magic dart hits the worker ant but does no damage.
The worker ant is heavily wounded.
The worker ant bites you.
* * * LOW HITPOINT WARNING * * *
The worker ant bites you.
* * * LOW HITPOINT WARNING * * *
The worker ant barely misses you.
The worker ant bites you but does no damage.
The worker ant completely misses you.
Your magical contamination has completely faded away.
There is a stone staircase leading up here.
The worker ant closely misses you. The worker ant bites you!
You die...

........................##.#
......................####.#
#####.................# #.#
.......#..............# #.#
###....######.........####.######
.....................#...........
###....#############.#.###.#####.
.......#....#......#.#.....# #.
........<......a@>.#.#.###.# #.
........#..........#.###########.
.................................
........#...##.........##########
#.#....................#
............#..........#
...........##.....###..#
..............###.#?#..#
....####......###.###..#


You could see a worker ant.

Vanquished Creatures
  A slave (D:3)
  An elf skeleton (D:4)
  A worker ant (D:4)
  5 adders
  3 gnolls (D:3)
  A shadow imp (D:4)
  3 worms
  3 dart slugs
  An orc (D:3)
  4 giant cockroaches
  4 goblins
  5 hobgoblins
  8 jackals
  3 quokkas (D:3)
  A ball python (D:3)
  9 bats
  3 frilled lizards
  7 kobolds
  An orc zombie (D:4)
  9 rats
73 creatures vanquished.

Notes
Turn   | Place    | Note
-------+----------+-------------------------------------------
     0 | D:1      | OCTOBOI the Deep Elf Conjurer began the quest for the Orb.
     0 | D:1      | Reached XP level 1. HP: 10/10 MP: 6/6
   250 | D:1      | Reached XP level 2. HP: 11/15 MP: 0/8
   717 | D:1      | Learned a level 2 spell: Searing Ray
   954 | D:2      | Reached XP level 3. HP: 19/19 MP: 3/10
  1372 | D:2      | Reached skill level 5 in Conjurations
  2028 | D:3      | Reached XP level 4. HP: 24/24 MP: 9/12
  2146 | D:3      | Learned a level 4 spell: Iskenderun's Mystic Blast
  2503 | D:3      | Reached XP level 5. HP: 28/28 MP: 1/13
  2958 | D:4      | Reached skill level 6 in Conjurations
  3017 | D:4      | Found a sand-covered staircase.
  3378 | D:4      | Found Hiellabbu's Book Shoppe.
  3434 | D:4      | Found a burning altar of Makhleb.
  3469 | D:4      | Found a glowing drain.
  3469 | D:4      | Noticed a slave
  3469 | D:4      | Noticed a slave
  3470 | D:4      | Found a shadowy altar of Dithmenos.
  3470 | D:4      | Noticed a slave
  3542 | D:3      | Killed a slave
  4124 | D:3      | Slain by a worker ant

Levels and vault maps discovered:
D:1:      minmay_arrival_jagged, layout_loops_ring
D:2:      layout_basic
D:3:      layout_basic, item_on_display_a
D:4:      layout_basic, nicolae_overflow_crystal_walls, grunt_dithmenos_shadows,
          serial_shops, shop_coins, nicolae_ossuary_entry_catacombs,
          cheibrodos_sewer_entry_sluice, kennysheep_boxes, uniq_pikel

Skill      XL: |  1  2  3  4  5 |
---------------+----------------+-----
Dodging        | 3 4 |  4.3
Conjurations   | 5 6 |  6.2
Spellcasting   | 4 |  4.9
Stealth        | |  2.4

Action                   |  1- 3 |  4- 6 || total
-------------------------+-------+-------++-------
 Cast: Magic Dart        |    94 |   101 ||   195
       Iskenderun's Myst |       |     7 ||     7
       Searing Ray       |       |     1 ||     1
  Use: Scroll            |       |     9 ||     9
  Eat: Chunk             |     3 |     7 ||    10
Armor: Robe              |     2 |     4 ||     6
Dodge: Dodged            |    13 |    34 ||    47

Table legend:
 A = Non-vault XP
 B = Vault XP
 C = Vault XP percentage of total XP
 D = Non-vault monster count
 E = Vault monster count
 F = Vault count percentage of total count
                 A         B        C        D         E       F
            +---------+---------+-------+---------+---------+-------
      Total |     254 |      86 |  25.3 |      69 |       3 |   4.2
            +---------+---------+-------+---------+---------+-------
        D:1 |      37 |       0 |   0.0 |      24 |       0 |   0.0
        D:2 |      54 |       0 |   0.0 |      19 |       0 |   0.0
        D:3 |     124 |       0 |   0.0 |      23 |       0 |   0.0
        D:4 |      39 |      86 |  68.8 |       3 |       3 |  50.0
            +---------+---------+-------+---------+---------+-------
